 Dungeon Crawl Stone Soup version 0.28-a0-919-g0b5b508569 (webtiles) character file.

Game seed: 7642518659363227577

132 mcsnuffy the Conjurer (level 4, -5/24 HPs)
             Began as a Deep Elf Conjurer on Nov 25, 2021.
             Slain by Crazy Yiuf (13 damage)
             ... on level 3 of the Dungeon.
             The game lasted 00:11:00 (3053 turns).

mcsnuffy the Conjurer (Deep Elf Conjurer)           Turns: 3053, Time: 00:11:00

Health: -5/24      AC:  4    Str: 11    XL:     4   Next: 92%
Magic:  5/12       EV: 12    Int: 23    God:
Gold:   108        SH:  0    Dex: 13    Spells: 3/11 levels left

rFire   . . .      SeeInvis .   h - +0 dagger (elec)
rCold   . . .      Faith    .   (no shield)
rNeg    . . .      Spirit   .   a - +0 robe
rPois   .          Reflect  .   c - +0 helmet
rElec   .          Harm     .   (no cloak)
rCorr   .          Rampage  .   k - +0 pair of gloves
Will    .....                   (no boots)
Stlth   ++........              (no amulet)
HPRegen 0.08/turn               S - +6 ring of strength
MPRegen 0.13/turn               (no ring)

@: no status effects
A: no striking features
a: no special abilities


You were on level 3 of the Dungeon.
You visited 1 branch of the dungeon, and saw 3 of its levels.

You collected 108 gold pieces.


   Skills:
 - Level 2.4 Dodging
 - Level 2.4 Stealth
 + Level 4.0 Spellcasting
 - Level 6.0 Conjurations
 + Level 1.5 Transmutations
 + Level 1.4 Earth Magic


You had 3 spell levels left.
You knew the following spells:

 Your Spells              Type           Power      Damage    Failure   Level
a - Passwall              Tmut/Erth      9%         N/A       9%          2
c - Mephitic Cloud        Conj/Pois/Air  13%        N/A       14%         3
m - Magic Dart            Conj           100%       1d8       1%          1
s - Searing Ray           Conj           64%        2d6       1%          2

Your spell library contained the following spells:

 Spells                   Type           Power      Damage    Failure   Level
 Dazzling Flash           Conj/Hex       36%        N/A       9%          3
 Summon Small Mammal      Summ           16%        N/A       11%         1
 Call Imp                 Summ           4%         N/A       16%         2
 Call Canine Familiar     Summ           4%         N/A       30%         3
 Summon Guardian Golem    Hex/Summ       4%         N/A       30%         3
 Swiftness                Air            4%         N/A       30%         3
 Fulminant Prism          Conj/Hex       9%         3d7       30%         4
 Iskenderun's Mystic Bla  Conj/Tloc      18%        2d6       30%         4
 Petrify                  Tmut/Erth      11%        N/A       50%         4
 Metabolic Englaciation   Hex/Ice        2%         N/A       96%         5
 Statue Form              Tmut/Erth      7%         N/A       100%        6

Inventory:

Hand Weapons
 h - a +0 dagger of electrocution (weapon)
Armour
 a - a +0 robe (worn)
 c - a +0 helmet (worn)
 g - a +0 kite shield
 k - a +0 pair of gloves (worn)
Jewellery
 S - a +6 ring of strength (left hand)
Wands
 m - a wand of flame (14)
Scrolls
 f - a scroll of acquirement {unknown}
 j - a scroll of immolation
 l - 4 scrolls of identify {unknown}
 n - a scroll of noise {unknown}
 o - a scroll of magic mapping {unknown}
 p - a scroll of teleportation {unknown}
Potions
 b - a potion of cancellation {unknown}
 d - a potion of flight {unknown}
 e - 2 potions of berserk rage {unknown}
 i - a potion of curing {unknown}

Dungeon Overview and Level Annotations

Branches:
Dungeon (3/15)

Altars:

Shops:
D:1 !

Annotations:
D:3 Crazy Yiuf

##.########...###########
#.# #.......###### #.###
######### #.... ▒▒▒▒▒
###.. ▒..)▒ #.) ▒...▒ #..
... ### ▒g▒ . ♣♣@♣ # ♣.♣♣
# ♣♣.♣ # ♣.♣♣ #######
♣♣.♣♣ ....... ♣...♣♣
####### ♣....♣ # #....# #
##..## #


You could see Crazy Yiuf.


Message History

Press: ? - help, Shift-Dir - straight line, f - Crazy Yiuf
Aim: Crazy Yiuf, wielding a +2 quarterstaff of chaos and wearing a +1 cloak (asleep, 100% to hit)
The searing ray hits Crazy Yiuf.
Crazy Yiuf is moderately wounded.
Crazy Yiuf shouts! (Press . to maintain the ray.) Crazy Yiuf laughs, "Snurf tortoise sow!"
The searing ray hits Crazy Yiuf.
Crazy Yiuf is moderately wounded.
The searing ray misses Crazy Yiuf.
The searing ray hits Crazy Yiuf.
Crazy Yiuf is severely wounded.
You finish channelling your searing ray.
Crazy Yiuf hits you with a +2 quarterstaff of chaos!
Ouch! That really hurt!
* * * LOW HITPOINT WARNING * * *
Crazy Yiuf freezes you.
* * * LOW HITPOINT WARNING * * *
Casting: Searing Ray (safe; 1% risk of failure)
Confirm with . or Enter, or press ? or * to list all spells.
Aiming: Searing Ray (safe; 1% risk of failure)
Press: ? - help, Shift-Dir - straight line, f/p - Crazy Yiuf
Aim: Crazy Yiuf, wielding a +2 quarterstaff of chaos and wearing a +1 cloak (severely wounded, 83% to hit)
The searing ray hits Crazy Yiuf.
Crazy Yiuf is almost dead. (Press . to maintain the ray.) Crazy Yiuf cries, "Lay!
Line bag ragdoll."
Crazy Yiuf hits you with a +2 quarterstaff of chaos!
Ouch! That really hurt!
You die...

Skill      XL: |  1  2  3  4 |
---------------+-------------+-----
Conjurations   | 5 6 |  6.0
Transmutations | 1 |  1.5
Earth Magic    | 1 |  1.4
Spellcasting   | 4 |  4.0
Dodging        | |  2.4
Stealth        | |  2.4

Action                   |  1- 3 |  4- 6 || total
-------------------------+-------+-------++-------
Melee: Dagger            |     6 |       ||     6
 Cast: Magic Dart        |    77 |    37 ||   114
       Searing Ray       |       |     2 ||     2
  Use: Scroll            |     1 |       ||     1
Dodge: Dodged            |     5 |       ||     5

Levels and vault maps discovered:
D:1:      dpeg_arrival_circle_labyrinth_c, layout_loops_ring, serial_shops,
          nicolae_shop_trees, shapermc_ecumenical_altar_starsandcircs,
          minmay_vboxes
D:2:      layout_loops_ring, minmay_indecisive_spiral
D:3:      layout_basic, uniq_natasha, uniq_crazy_yiuf_cottage

Notes
Turn   | Place    | Note
-------+----------+-------------------------------------------
     0 | D:1      | mcsnuffy the Deep Elf Conjurer began the quest for the Orb.
     0 | D:1      | Reached XP level 1. HP: 10/10 MP: 6/6
   235 | D:1      | Found Xyinkoiw's Distillery.
   360 | D:1      | Reached XP level 2. HP: 15/15 MP: 5/8
   363 | D:1      | Reached skill level 5 in Conjurations
   626 | D:1      | Found a faded altar of an unknown god.
   853 | D:1      | Reached XP level 3. HP: 19/19 MP: 2/9
  1193 | D:1      | Learned a level 2 spell: Searing Ray
  1788 | D:2      | Learned a level 2 spell: Passwall
  1792 | D:2      | Learned a level 3 spell: Mephitic Cloud
  2054 | D:2      | Reached skill level 6 in Conjurations
  2429 | D:3      | Reached XP level 4. HP: 24/24 MP: 7/11
  2551 | D:3      | Noticed Natasha
  2558 | D:3      | Killed Natasha
  2559 | D:3      | Reached skill level 1 in Transmutations
  2559 | D:3      | Reached skill level 1 in Earth Magic
  2929 | D:3      | Reached skill level 4 in Spellcasting
  3044 | D:3      | Found a runed translucent door.
  3045 | D:3      | Noticed Crazy Yiuf
  3053 | D:3      | Slain by Crazy Yiuf

Vanquished Creatures
  Natasha (D:3)
  4 adders
  2 worms (D:2)
  2 dart slugs (D:1)
  4 orcs (D:3)
  4 ball pythons
  4 endoplasms
  5 giant cockroaches
  4 goblins
  6 hobgoblins (D:1)
  4 kobolds
  2 quokkas
  5 bats
  2 frilled lizards
  7 rats
56 creatures vanquished.

Table legend: (Time is in decaauts)
 A = Elapsed time spent in this place.
 B = Non-inter-level travel time spent in this place.
 C = Inter-level travel time spent in this place.
 D = Time resting spent in this place.
 E = Time spent auto-exploring this place.
 F = Levels seen in this place.
 G = Mean time per level.
                   A        B        C        D        E       F      G
               +--------+--------+--------+--------+--------+-----+--------+
         Total |   3051 |   2971 |     80 |    561 |   1981 |   3 | 1017.0 |
       Dungeon |   3051 |   2971 |     80 |    561 |   1981 |   3 | 1017.0 |
               +--------+--------+--------+--------+--------+-----+--------+

Top non-repeatable levels by time:
     D:1: 1411 daAuts
     D:2: 903 daAuts
     D:3: 736 daAuts

Table legend:
 A = Non-vault XP
 B = Vault XP
 C = Vault XP percentage of total XP
 D = Non-vault monster count
 E = Vault monster count
 F = Vault count percentage of total count
                 A         B        C        D         E       F
            +---------+---------+-------+---------+---------+-------
      Total |     125 |      64 |  33.9 |      42 |      14 |  25.0
            +---------+---------+-------+---------+---------+-------
        D:1 |      36 |      18 |  33.3 |      20 |       9 |  31.0
        D:2 |      27 |      10 |  27.0 |       7 |       4 |  36.4
        D:3 |      62 |      36 |  36.7 |      15 |       1 |   6.2
            +---------+---------+-------+---------+---------+-------
